 Dungeon Crawl Stone Soup version 0.22-a0-603-gfc1114d (webtiles) character file.

6 Amnesiac the Magician (level 1, -3/10 HPs)
             Began as a Deep Elf Wizard on July 8, 2018.
             Slain by a centaur zombie (7 damage)
             ... on level 5 of the Dungeon.
             The game lasted 00:00:53 (313 turns).

Amnesiac the Magician (Deep Elf Wizard)              Turns: 313, Time: 00:00:54

Health: -3/10      AC:  2    Str:  4    XL:     1   Next: 75%
Magic:  0/8        EV: 13    Int: 22    God:
Gold:   25         SH:  0    Dex: 13    Spells: 8/9 levels left

rFire    . . .     SeeInvis .   (no weapon)
rCold    . . .     Gourm    .   (no shield)
rNeg     . . .     Faith    .   a - +0 robe
rPois    .         Spirit   .   (no helmet)
rElec    .         Reflect  .   (no cloak)
rCorr    .         Harm     .   (no gloves)
MR       .....                  (no boots)
Stlth    ++........             (no amulet)
HPRegen  0.03/turn              (no ring)
MPRegen  0.11/turn              (no ring)

@: no status effects
A: no striking features
a: no special abilities


You were on level 5 of the Dungeon.
You were not hungry.

You visited 1 branch of the dungeon, and saw 5 of its levels.

You collected 25 gold pieces.

Inventory:

Armour
 a - a +0 robe (worn)
Scrolls
 b - a scroll of immolation {!r, unknown}
Comestibles
 d - a ration


   Skills:
 - Level 2.4 Dodging
 - Level 2.4 Stealth
 - Level 4.5 Spellcasting
 * Level 1.9 Conjurations
   Level 1.1 Summonings
   Level 1.1 Translocations


You had 8 spell levels left.
You knew the following spells:

 Your Spells              Type           Power        Failure   Level  Hunger
a - Magic Dart            Conj           ##..         4%          1    None

Your spell library contained the following spells:

 Spells                   Type           Power        Failure   Level  Hunger
 Conjure Flame            Conj/Fire      #.......     22%         3    ##.....
 Slow                     Hex            #.......     16%         2    #......
 Mephitic Cloud           Conj/Pois/Air  #.......     24%         3    ##.....
 Blink                    Tloc           N/A          11%         2    #......
 Call Imp                 Summ           #.......     11%         2    #......


Dungeon Overview and Level Annotations

Branches:
Dungeon (5/15)
 Temple: D:4-7

Altars:


Message History

The magic dart hits the centaur zombie.
The centaur zombie is moderately damaged.
Casting: Magic Dart (safe; 4% risk of failure)
Confirm with . or Enter, or press ? or * to list all spells.
Aiming: Magic Dart (safe; 4% risk of failure)
Press: ? - help, Shift-Dir - straight line, f/p - centaur zombie
Aim: a centaur zombie (moderately damaged)
The magic dart hits the centaur zombie.
The centaur zombie is moderately damaged.
There is a stone staircase leading up here.
Casting: Magic Dart (safe; 4% risk of failure)
Confirm with . or Enter, or press ? or * to list all spells.
Aiming: Magic Dart (safe; 4% risk of failure)
Press: ? - help, Shift-Dir - straight line, f/p - centaur zombie
Aim: a centaur zombie (moderately damaged)
The magic dart hits the centaur zombie.
The centaur zombie is moderately damaged.
Unknown command.
Casting: Magic Dart (safe; 4% risk of failure)
Confirm with . or Enter, or press ? or * to list all spells.
Aiming: Magic Dart (safe; 4% risk of failure)
Press: ? - help, Shift-Dir - straight line, f/p - centaur zombie
Aim: a centaur zombie (moderately damaged)
The magic dart hits the centaur zombie.
The centaur zombie is heavily damaged.
The centaur zombie hits you.
Unknown command.
Casting: Magic Dart (safe; 4% risk of failure)
Confirm with . or Enter, or press ? or * to list all spells.
Aiming: Magic Dart (safe; 4% risk of failure)
Press: ? - help, Shift-Dir - straight line, f/p - centaur zombie
Aim: a centaur zombie (heavily damaged)
The magic dart hits the centaur zombie.
The centaur zombie is heavily damaged.
The centaur zombie hits you.
Ouch! That really hurt!
* * * LOW HITPOINT WARNING * * *
The centaur zombie closely misses you.
Casting: Magic Dart (safe; 4% risk of failure)
Confirm with . or Enter, or press ? or * to list all spells.
Aiming: Magic Dart (safe; 4% risk of failure)
Press: ? - help, Shift-Dir - straight line, f/p - centaur zombie
Aim: a centaur zombie (heavily damaged)
The magic dart hits the centaur zombie.
The centaur zombie is severely damaged.
The centaur zombie barely misses you.
Casting: Magic Dart (safe; 4% risk of failure)
Confirm with . or Enter, or press ? or * to list all spells.
Aiming: Magic Dart (safe; 4% risk of failure)
Press: ? - help, Shift-Dir - straight line, f/p - centaur zombie
Aim: a centaur zombie (severely damaged)
The magic dart hits the centaur zombie.
The centaur zombie is severely damaged.
The centaur zombie closely misses you.
Casting: Magic Dart (safe; 4% risk of failure)
Confirm with . or Enter, or press ? or * to list all spells.
Aiming: Magic Dart (safe; 4% risk of failure)
Press: ? - help, Shift-Dir - straight line, f/p - centaur zombie
Aim: a centaur zombie (severely damaged)
The magic dart hits the centaur zombie.
The centaur zombie is almost destroyed.
The centaur zombie hits you!
Ouch! That really hurt!
You die...

.# ## .# ..
.## #. ..#
#.###..#
#.#......##.##
#.......Z.....
#.###Z##.#.###
#@......#
#.#####.# #.#
# ..# ..# #..#
.... ...#


You could see a centaur zombie.

Vanquished Creatures
  A leopard gecko (D:1)
  An orc (D:2)
  A bat (D:1)
  2 rats (D:1)
5 creatures vanquished.

Notes
Turn   | Place    | Note
-------+----------+-------------------------------------------
     0 | D:1      | Amnesiac the Deep Elf Wizard began the quest for the Orb.
     0 | D:1      | Reached XP level 1. HP: 10/10 MP: 7/7
   276 | D:4      | Noticed a phantom
   276 | D:4      | Noticed an orc wizard
   277 | D:4      | Noticed an orc wizard
   300 | D:5      | Entered Level 5 of the Dungeon
   313 | D:5      | Slain by a centaur zombie

Vault maps used:
D:1:      minmay_arrival_plants_in_alcoves
D:2:      first_ration, uniq_terence
D:3:      lemuel_doored_altar, uniq_robin
D:5:      serial_shops, shop_coins

Action                   || total
-------------------------++-------
 Cast: Magic Dart        ||    24
Dodge: Dodged            ||     4

Table legend:
 A = Spawn XP
 B = Non-spawn XP
 C = Spawn XP percentage of total XP
 D = Spawn monster count
 E = Non-spawn monster count
 F = Spawn count percentage of total count
 G = Total turns spent on level
                    A         B        C        D         E        F      G
               +---------+---------+-------+---------+---------+-------+---------
         Total |       0 |       9 |   0.0 |       0 |       5 |   0.0 |   313
               +---------+---------+-------+---------+---------+-------+---------
           D:1 |       0 |       6 |   0.0 |       0 |       4 |   0.0 |   117
           D:2 |       0 |       3 |   0.0 |       0 |       1 |   0.0 |    57
               +---------+---------+-------+---------+---------+-------+---------
